Phantoms vs Marlies
(R1)
Created - November 5, 2024 at 20:23
Goals
|
| Phantoms |
0 |
0 |
0 |
0 |
| Marlies |
1 |
2 |
2 |
5 |
|
Shots
|
| Phantoms |
4 |
3 |
2 |
9 |
| Marlies |
8 |
9 |
16 |
33 |
|
1st period
1. Marlies , Joel Farabee 4 (Pierre-Olivier Joseph 10, Lucas Carlsson 6) at 11:15 (PP)
Penalties :
Aleksi Saarela (Tor) for Hooking (Minor) at 0:22, Matthew Highmore (Tor) for Boarding (Minor) at 2:37, Sven Andrighetto (Leh) for Boarding (Major) at 11:05
2nd period
2. Marlies , Isac Lundestrom 3 (Otto Koivula 2) at 1:49
3. Marlies , Isac Lundestrom 4 (Arthur Kaliyev 2, Otto Koivula 3) at 5:00
Penalties :
Mikko Lehtonen (Leh) for Tripping (Minor) at 2:24, A.J. Greer (Leh) for Hooking (Minor) at 15:55
3rd period
4. Marlies , Martin Necas 5 (Alex Formenton 3, Rasmus Dahlin 4) at 0:41
5. Marlies , Martin Necas 6 (Joel Farabee 5, Mathieu Olivier 4) at 19:31
Penalties :
Nick Sorensen (Leh) for Interference (Minor) at 1:19, Laurent Dauphin (Leh) for Slashing (Minor) at 8:24, A.J. Greer (Leh) for Roughing (Double Minor) at 13:58
Goalie Stats
Zachary Fucale (Leh), 14 saves from 18 shots - (0.778), L, 1-5-1, 40:41 minutes
Kevin Lankinen (Leh), 14 saves from 15 shots - (0.933), 19:19 minutes
Logan Thompson (Tor), 9 saves from 9 shots - (1.000), W, 2-0-0, 60:00 minutes
Players Stats for Phantoms
Player Name G A P +/- PIM S H SB GA TA FO MP PP MP PK MP
------------------------------------------------------------------------------------
A.J. Greer 0 0 0 -1 6 0 3 0 0 0 1/2 18:52 1:49 4:21
Brett Murray 0 0 0 -1 0 1 1 0 0 0 0/0 11:32 0:09 5:25
Cam York 0 0 0 -1 0 0 0 1 0 0 0/0 14:58 1:32 1:19
Cristoval Nieves 0 0 0 -1 0 1 3 0 0 1 1/7 18:51 1:49 6:10
David Kampf 0 0 0 -1 0 0 1 0 1 0 0/2 8:40 0:09 3:03
Josiah Slavin 0 0 0 -2 0 0 1 0 0 0 0/0 11:46 0:00 2:50
Laurent Dauphin 0 0 0 -2 2 2 1 0 0 0 1/2 9:17 0:00 0:26
Lucas Wallmarkk 0 0 0 0 0 2 0 1 1 2 17/32 23:45 2:00 7:55
Matt Kiersted 0 0 0 -3 0 0 0 0 0 0 0/0 19:13 0:00 7:27
Mikko Lehtonen 0 0 0 0 2 0 3 0 0 2 0/0 25:09 2:26 7:08
Morgan Klimchuk 0 0 0 0 0 1 2 3 0 0 0/1 10:26 2:00 3:08
Nick Sorensen 0 0 0 -1 2 0 2 0 0 0 0/0 11:57 0:09 0:00
Oliver Wahlstrom 0 0 0 -2 0 0 0 0 0 0 0/0 8:45 0:00 0:00
Rem Pitlick 0 0 0 -1 0 0 5 0 0 0 0/1 12:39 1:49 0:00
Riley Stillman 0 0 0 -1 0 0 4 1 1 0 0/0 16:19 0:00 6:36
Rinat Valiev 0 0 0 -1 0 0 1 3 0 0 0/0 27:22 2:26 8:44
Sven Andrighetto 0 0 0 0 5 1 1 0 0 0 0/0 15:39 2:00 0:00
Ty Smith 0 0 0 -2 0 1 0 1 0 1 0/0 17:49 1:32 3:04
Players Stats for Marlies
Player Name G A P +/- PIM S H SB GA TA FO MP PP MP PK MP
------------------------------------------------------------------------------------
Aleksi Saarela 0 0 0 0 2 3 3 0 1 0 14/28 21:40 8:30 1:00
Alex Formenton 0 1 1 2 0 0 2 1 0 0 0/0 16:52 6:36 0:26
Arthur Kaliyev 0 1 1 2 0 1 1 0 0 0 0/0 9:11 1:11 0:00
Dennis Gilbert 0 0 0 3 0 2 1 1 0 0 0/0 12:51 0:46 0:00
Hugh McGing 0 0 0 0 0 0 2 0 0 0 2/2 9:33 0:00 0:50
Isac Lundestrom 2 0 2 2 0 3 1 0 0 0 2/3 8:52 0:21 0:31
Jacob Bernard-Docker 0 0 0 3 0 1 0 0 0 0 0/0 12:51 0:46 0:00
Joel Farabee 1 1 2 0 0 6 2 0 1 0 0/1 22:33 8:30 1:37
Keaton Thompson 0 0 0 1 0 0 2 1 0 0 0/0 20:24 6:46 1:47
Kole Sherwood 0 0 0 0 0 1 1 0 0 0 0/0 10:53 2:01 0:00
Lias Andersson 0 0 0 2 0 0 1 0 0 0 6/9 16:41 6:42 0:00
Lucas Carlsson 0 1 1 0 0 2 2 0 2 1 0/0 26:45 9:22 2:11
Martin Necas 2 0 2 2 0 5 1 0 0 0 0/0 18:28 6:37 1:37
Mathieu Olivier 0 1 1 0 0 3 3 0 1 1 1/2 22:06 8:00 1:55
Matthew Highmore 0 0 0 0 2 1 0 0 0 0 2/2 10:23 1:26 0:00
Otto Koivula 0 2 2 2 0 0 1 0 1 0 0/0 8:48 0:48 0:00
Pierre-Olivier Joseph 0 1 1 0 0 3 3 0 0 1 0/0 26:45 9:22 2:11
Rasmus Dahlin 0 1 1 1 0 2 0 0 0 0 0/0 20:24 6:46 1:47
3 Stars
1 - Martin Necas (Tor)
2 - Isac Lundestrom (Tor)
3 - Joel Farabee (Tor)
Power Play
Phantoms - 0 on 1 Attempt(s) - 0.00%
Marlies - 1 on 9 Attempt(s) - 11.11%
Penalty Kill
Phantoms - 8 on 9 Attempt(s) - 88.89%
- Score 0 goal in Penalty Kill
Marlies - 1 on 1 Attempt(s) - 100.00%
- Score 0 goal in Penalty Kill
Team Stat
Phantoms - Hits : 28 - Faceoff Wins : 20 - Blocked Shots : 10 - Penalty Minutes : 17
Marlies - Hits : 26 - Faceoff Wins : 27 - Blocked Shots : 3 - Penalty Minutes : 4
Official
Referees : Jon McIsaac and Dan Kelly
Linesman : Kiel Murchison and Vaughan Rody
Game Notes
5:06 of 1st period - Penalty Shot by Cam York for Phantoms - Stopped by Logan Thompson
Morgan Klimchuk is injured at 5:41 of 2nd period (Bruised Left Arm)
Kevin Lankinen enters game at 0:41 of 3rd period
Finance
Level 1 -- Attendance: 1698 (84.90%) -- Ticket Income $118,860
Level 2 -- Attendance: 994 (99.40%) -- Ticket Income $39,760
Total Attendance: 2692 (89.73%)
Total Ticket Income: $158,620
Other Income: $7,931
Total Income: $166,551
Phantoms
5 vs 5 Forward
Center Left Wing Right Wing Time % Phy DF OF
1 Lucas Wallmarkk Morgan Klimchuk Sven Andrighetto 40 1 2 2
2 Cristoval Nieves Nick Sorensen Rem Pitlick 30 1 2 2
3 David Kampf Brett Murray A.J. Greer 20 1 2 2
4 Laurent Dauphin Josiah Slavin Oliver Wahlstrom 10 1 2 2
5 vs 5 Defense
Defense Defense Time % Phy DF OF
1 Rinat Valiev Mikko Lehtonen 40 1 2 2
2 Ty Smith Matt Kiersted 30 1 2 2
3 Riley Stillman Cam York 20 1 2 2
4 Rinat Valiev Mikko Lehtonen 10 1 2 2
PowerPlay Forward
Center Left Wing Right Wing Time % Phy DF OF
1 Lucas Wallmarkk Morgan Klimchuk Sven Andrighetto 60 1 2 2
2 Cristoval Nieves A.J. Greer Rem Pitlick 40 1 2 2
PowerPlay Defense
Defense Defense Time % Phy DF OF
1 Rinat Valiev Mikko Lehtonen 60 1 2 2
2 Cam York Ty Smith 40 1 2 2
Penalty Kill 4 Players Forward
Center Wing Time % Phy DF OF
1 Lucas Wallmarkk Morgan Klimchuk 60 1 2 2
2 Cristoval Nieves A.J. Greer 40 1 2 2
Penalty Kill 4 Players Defense
Defense Defense Time % Phy DF OF
1 Rinat Valiev Mikko Lehtonen 60 1 2 2
2 Matt Kiersted Riley Stillman 40 1 2 2
Penalty Kill - 3 Players Forward
Forward Time % Phy DF OF
1 Lucas Wallmarkk 60 1 2 2
2 Cristoval Nieves 40 1 2 2
Penalty Kill - 3 Players Defense
Defense Defense Time % Phy DF OF
1 Rinat Valiev Mikko Lehtonen 60 1 2 2
2 Matt Kiersted Riley Stillman 40 1 2 2
4 vs 4 Forward
Center Wing Time % Phy DF OF
1 Lucas Wallmarkk Morgan Klimchuk 60 1 2 2
2 Cristoval Nieves Sven Andrighetto 40 1 2 2
4 vs 4 Defense
Defense Defense Time % Phy DF OF
1 Rinat Valiev Mikko Lehtonen 60 1 2 2
2 Ty Smith Matt Kiersted 40 1 2 2
Last Minutes Offensive
Center Left Wing Right Wing Defense Defense
Lucas Wallmarkk Morgan Klimchuk Sven Andrighetto Rinat Valiev Mikko Lehtonen
Last Minutes Defensive
Center Left Wing Right Wing Defense Defense
Lucas Wallmarkk Morgan Klimchuk Sven Andrighetto Rinat Valiev Mikko Lehtonen
Goaltenders
Starting : Zachary Fucale
Backup : Kevin Lankinen
Extra Forwards
Normal : Lucas Wallmarkk, Morgan Klimchuk, Sven Andrighetto - PP : Lucas Wallmarkk, Sven Andrighetto - PK : Lucas Wallmarkk
Extra Defensemen
Normal : Rinat Valiev, Mikko Lehtonen, Matt Kiersted - PP : Rinat Valiev - PK : Mikko Lehtonen, Rinat Valiev
Penalty Shots
Sven Andrighetto, Morgan Klimchuk, Nick Sorensen, Rem Pitlick, Cristoval Nieves
Custom OT Lines Forwards
Sven Andrighetto, Morgan Klimchuk, Lucas Wallmarkk, Rem Pitlick, Cristoval Nieves, David Kampf, Nick Sorensen, Laurent Dauphin, A.J. Greer, Oliver Wahlstrom
Custom OT Lines Defensemen
Rinat Valiev, Mikko Lehtonen, Matt Kiersted, Riley Stillman, Ty Smith
Scratches
Anthony Angello (Healthy), Joe Snively (Suspend), Blake Heinrich (Bruised Right Arm Injury), Benoit-Olivier Groulx (Healthy), Cooper Marody (Healthy)
Victor Berglund (Healthy), Fabian Zetterlund (Healthy), David Gustafsson (Healthy), Kaedan Korczak (Healthy), Danil Zhuravlyov (Healthy)
Alex Beaucage (Healthy), Arsen Khisamutdinov (Healthy), Jacob Ingham (Healthy), Zachary Sawchenko (Healthy)
Marlies
5 vs 5 Forward
Center Left Wing Right Wing Time % Phy DF OF
1 Aleksi Saarela Joel Farabee Mathieu Olivier 40 1 2 2
2 Lias Andersson Alex Formenton Martin Necas 30 1 2 2
3 Matthew Highmore Hugh McGing Kole Sherwood 20 1 2 2
4 Isac Lundestrom Otto Koivula Arthur Kaliyev 10 1 2 2
5 vs 5 Defense
Defense Defense Time % Phy DF OF
1 Pierre-Olivier Joseph Lucas Carlsson 40 1 2 2
2 Rasmus Dahlin Keaton Thompson 30 1 2 2
3 Dennis Gilbert Jacob Bernard-Docker 20 1 2 2
4 Pierre-Olivier Joseph Lucas Carlsson 10 1 2 2
PowerPlay Forward
Center Left Wing Right Wing Time % Phy DF OF
1 Aleksi Saarela Joel Farabee Mathieu Olivier 60 1 2 2
2 Lias Andersson Alex Formenton Martin Necas 40 1 2 2
PowerPlay Defense
Defense Defense Time % Phy DF OF
1 Pierre-Olivier Joseph Lucas Carlsson 60 1 2 2
2 Rasmus Dahlin Keaton Thompson 40 1 2 2
Penalty Kill 4 Players Forward
Center Wing Time % Phy DF OF
1 Aleksi Saarela Mathieu Olivier 60 1 2 2
2 Martin Necas Joel Farabee 40 1 2 2
Penalty Kill 4 Players Defense
Defense Defense Time % Phy DF OF
1 Pierre-Olivier Joseph Lucas Carlsson 60 1 2 2
2 Rasmus Dahlin Keaton Thompson 40 1 2 2
Penalty Kill - 3 Players Forward
Forward Time % Phy DF OF
1 Aleksi Saarela 60 1 2 2
2 Mathieu Olivier 40 1 2 2
Penalty Kill - 3 Players Defense
Defense Defense Time % Phy DF OF
1 Pierre-Olivier Joseph Lucas Carlsson 60 1 2 2
2 Rasmus Dahlin Keaton Thompson 40 1 2 2
4 vs 4 Forward
Center Wing Time % Phy DF OF
1 Aleksi Saarela Mathieu Olivier 60 1 2 2
2 Martin Necas Joel Farabee 40 1 2 2
4 vs 4 Defense
Defense Defense Time % Phy DF OF
1 Pierre-Olivier Joseph Lucas Carlsson 60 1 2 2
2 Rasmus Dahlin Keaton Thompson 40 1 2 2
Last Minutes Offensive
Center Left Wing Right Wing Defense Defense
Aleksi Saarela Joel Farabee Mathieu Olivier Pierre-Olivier Joseph Lucas Carlsson
Last Minutes Defensive
Center Left Wing Right Wing Defense Defense
Aleksi Saarela Joel Farabee Mathieu Olivier Pierre-Olivier Joseph Lucas Carlsson
Goaltenders
Starting : Logan Thompson
Backup : Maxime Lagace
Extra Forwards
Normal : Kole Sherwood, Matthew Highmore, Hugh McGing - PP : Kole Sherwood, Matthew Highmore - PK : Hugh McGing
Extra Defensemen
Normal : Dennis Gilbert, Jacob Bernard-Docker, Rasmus Dahlin - PP : Dennis Gilbert - PK : Jacob Bernard-Docker, Rasmus Dahlin
Penalty Shots
Aleksi Saarela, Mathieu Olivier, Martin Necas, Joel Farabee, Alex Formenton
Custom OT Lines Forwards
Aleksi Saarela, Mathieu Olivier, Martin Necas, Joel Farabee, Alex Formenton, Kole Sherwood, Lias Andersson, Matthew Highmore, Hugh McGing, Isac Lundestrom
Custom OT Lines Defensemen
Pierre-Olivier Joseph, Lucas Carlsson, Rasmus Dahlin, Keaton Thompson, Dennis Gilbert
Scratches
Jonathan Gruden (Healthy), Jakob Forsbacka-Karlsson (Healthy), Dmitri Samorukov (Healthy), Xavier Bernard (Healthy), Jonathan Davidsson (Healthy)
Jan Jenik (Healthy), Blake Murray (Healthy), Vasili Podkolzin (Healthy), Samuel Fagemo (Healthy), Veini Vehvilainen (Healthy)
Matthew Thiessen (Healthy)
% Time on Ice - Phantoms
Lines # - Real PCT - Wanted PCT - Time Play
Normal Forward
1 - 37% - 40% - 14:23
2 - 29% - 30% - 11:14
3 - 12% - 20% - 4:45
4 - 22% - 10% - 8:46
Normal Defense
1 - 41% - 40% - 16:02
2 - 34% - 30% - 13:09
3 - 25% - 20% - 9:57
4 - 0% - 10% - 0:00
PP Forward
1 - 52% - 60% - 2:04
2 - 48% - 40% - 1:54
PP Defense
1 - 61% - 60% - 2:26
2 - 39% - 40% - 1:32
PK Forward
1 - 83% - 60% - 14:00
2 - 17% - 40% - 2:54
PK Defense
1 - 59% - 60% - 10:03
2 - 41% - 40% - 6:51
PK3 Forward
1 - 0% - 60%
2 - 0% - 40%
PK3 Defense
1 - 0% - 60%
2 - 0% - 40%
44 Forward
1 - 0% - 60%
2 - 0% - 40%
44 Defense
1 - 0% - 60%
2 - 0% - 40%
Last Minute Offensive - 0:00
Last Minute Defensive - 0:00
Total
Forward - 60:00
Defense - 60:00
|
% Time on Ice - Marlies
Lines # - Real PCT - Wanted PCT - Time Play
Normal Forward
1 - 31% - 40% - 12:11
2 - 26% - 30% - 10:14
3 - 22% - 20% - 8:43
4 - 20% - 10% - 8:00
Normal Defense
1 - 39% - 40% - 15:22
2 - 30% - 30% - 11:51
3 - 30% - 20% - 11:55
4 - 0% - 10% - 0:00
PP Forward
1 - 60% - 60% - 10:12
2 - 40% - 40% - 6:42
PP Defense
1 - 56% - 60% - 9:30
2 - 44% - 40% - 7:24
PK Forward
1 - 59% - 60% - 2:21
2 - 41% - 40% - 1:37
PK Defense
1 - 55% - 60% - 2:11
2 - 45% - 40% - 1:47
PK3 Forward
1 - 0% - 60%
2 - 0% - 40%
PK3 Defense
1 - 0% - 60%
2 - 0% - 40%
44 Forward
1 - 0% - 60%
2 - 0% - 40%
44 Defense
1 - 0% - 60%
2 - 0% - 40%
Last Minute Offensive - 0:00
Last Minute Defensive - 0:00
Total
Forward - 60:00
Defense - 60:00
|
Play-by-Play
1st period
0:01 of 1st period - Aleksi Saarela wins face-off versus Lucas Wallmarkk in neutral zone.
0:22 of 1st period - Minor Penalty to Aleksi Saarela for Hooking.
0:23 of 1st period - Hugh McGing wins face-off versus Lucas Wallmarkk in Marlies zone.
0:34 of 1st period - Slapshot by Pierre-Olivier Joseph.
0:34 of 1st period - Stopped by Zachary Fucale with a rebound.
0:48 of 1st period - Joel Farabee is hit by Rinat Valiev and loses puck.
1:43 of 1st period - Joel Farabee is hit by Morgan Klimchuk and loses puck.
2:22 of 1st period - Penalty to Aleksi Saarela is over, Aleksi Saarela is back on ice.
2:37 of 1st period - Minor Penalty to Matthew Highmore for Boarding.
2:38 of 1st period - Aleksi Saarela wins face-off versus Lucas Wallmarkk in Marlies zone.
3:10 of 1st period - Joel Farabee is hit by Cristoval Nieves and loses puck.
3:35 of 1st period - Aleksi Saarela is hit by Rem Pitlick and loses puck.
4:37 of 1st period - Penalty to Matthew Highmore is over, Matthew Highmore is back on ice.
5:06 of 1st period - Penalty Shot by Cam York for Phantoms.
5:06 of 1st period - Snap shot by Cam York.
5:06 of 1st period - Stopped by Logan Thompson.
5:07 of 1st period - Matthew Highmore wins face-off versus David Kampf in Phantoms zone.
5:42 of 1st period - David Kampf is hit by Martin Necas and loses puck.
5:53 of 1st period - Snap shot by Joel Farabee.
5:53 of 1st period - Stopped by Zachary Fucale with a rebound.
6:37 of 1st period - Wrist shot by Laurent Dauphin.
6:37 of 1st period - Stopped by Logan Thompson with a rebound.
7:06 of 1st period - Morgan Klimchuk is hit by Mathieu Olivier and loses puck.
7:21 of 1st period - Off-side.
7:22 of 1st period - Cristoval Nieves wins face-off versus Lias Andersson in neutral zone.
7:48 of 1st period - Aleksi Saarela is hit by Riley Stillman and loses puck.
7:53 of 1st period - Snap shot by Lucas Wallmarkk.
7:53 of 1st period - Stopped by Logan Thompson without a rebound.
7:54 of 1st period - Lucas Wallmarkk wins face-off versus Joel Farabee in Marlies zone.
9:04 of 1st period - Aleksi Saarela is hit by Laurent Dauphin and loses puck.
9:27 of 1st period - Joel Farabee is hit by Rem Pitlick and loses puck.
9:38 of 1st period - Snap shot by Cristoval Nieves.
9:38 of 1st period - Stopped by Logan Thompson with a rebound.
9:40 of 1st period - Snap shot by Rem Pitlick.
9:40 of 1st period - Shot Misses the Net.
9:52 of 1st period - Wrist shot by Martin Necas.
9:52 of 1st period - Stopped by Zachary Fucale without a rebound.
9:53 of 1st period - Lucas Wallmarkk wins face-off versus Lias Andersson in Phantoms zone.
10:13 of 1st period - Snap shot by Lucas Wallmarkk.
10:13 of 1st period - Shot Blocked by Keaton Thompson.
10:15 of 1st period - Snap shot by Riley Stillman.
10:15 of 1st period - Deflect By Sven Andrighetto.
10:15 of 1st period - Stopped by Logan Thompson without a rebound.
10:16 of 1st period - Matthew Highmore wins face-off versus Cristoval Nieves in Marlies zone.
10:36 of 1st period - Dennis Gilbert is hit by Cristoval Nieves and loses puck.
10:49 of 1st period - Slapshot by Matthew Highmore.
10:49 of 1st period - Stopped by Zachary Fucale without a rebound.
10:50 of 1st period - Lucas Wallmarkk wins face-off versus Aleksi Saarela in Phantoms zone.
11:03 of 1st period - Wrist shot by Joel Farabee.
11:03 of 1st period - Shot Blocked by Morgan Klimchuk.
11:05 of 1st period - Major Penalty to Sven Andrighetto for Boarding.
11:06 of 1st period - Aleksi Saarela wins face-off versus Lucas Wallmarkk in Phantoms zone.
11:13 of 1st period - Slapshot by Pierre-Olivier Joseph.
11:13 of 1st period - Shot Misses the Net.
11:15 of 1st period - Snap shot by Joel Farabee.
11:15 of 1st period - Goal by Joel Farabee - Phantoms : 0 - Marlies : 1.
11:16 of 1st period - Aleksi Saarela wins face-off versus Lucas Wallmarkk in neutral zone.
11:19 of 1st period - Slapshot by Pierre-Olivier Joseph.
11:19 of 1st period - Shot Blocked by Morgan Klimchuk.
11:21 of 1st period - Slapshot by Mathieu Olivier.
11:21 of 1st period - Stopped by Zachary Fucale with a rebound.
11:23 of 1st period - Slapshot by Lucas Carlsson.
11:23 of 1st period - Deflect By Mathieu Olivier.
11:23 of 1st period - Stopped by Zachary Fucale with a rebound.
11:25 of 1st period - Wrist shot by Aleksi Saarela.
11:25 of 1st period - Shot Misses the Net.
11:27 of 1st period - Slapshot by Aleksi Saarela.
11:27 of 1st period - Shot Misses the Net.
11:29 of 1st period - Backhand shot by Aleksi Saarela.
11:29 of 1st period - Shot Blocked by Morgan Klimchuk.
11:31 of 1st period - Slapshot by Joel Farabee.
11:31 of 1st period - Stopped by Zachary Fucale with a rebound.
13:39 of 1st period - Cristoval Nieves is hit by Arthur Kaliyev and loses puck.
16:05 of 1st period - Penalty to Sven Andrighetto is over, Sven Andrighetto is back on ice.
16:14 of 1st period - Jacob Bernard-Docker is hit by Josiah Slavin.
16:30 of 1st period - Kole Sherwood is hit by Rem Pitlick.
17:53 of 1st period - Rasmus Dahlin is hit by Morgan Klimchuk and loses puck.
18:04 of 1st period - Morgan Klimchuk is hit by Aleksi Saarela and loses puck.
18:56 of 1st period - Lucas Carlsson is hit by David Kampf and loses puck.
19:19 of 1st period - Lucas Carlsson is hit by Rem Pitlick and loses puck.
19:37 of 1st period - Lucas Carlsson is hit by Riley Stillman and loses puck.
Goals for this period are 0 for Phantoms vs 1 for Marlies.
Shots for this period are 4 for Phantoms vs 8 for Marlies.
2nd period
0:01 of 2nd period - Lucas Wallmarkk wins face-off versus Aleksi Saarela in neutral zone.
0:16 of 2nd period - Slapshot by Pierre-Olivier Joseph.
0:16 of 2nd period - Shot Misses the Net.
1:02 of 2nd period - Wrist shot by Laurent Dauphin.
1:02 of 2nd period - Deflect By Oliver Wahlstrom.
1:02 of 2nd period - Shot Blocked by Alex Formenton.
1:02 of 2nd period - Puck is out of play.
1:03 of 2nd period - Aleksi Saarela wins face-off versus Morgan Klimchuk in Marlies zone.
1:03 of 2nd period - Aleksi Saarela is hit by Riley Stillman.
1:11 of 2nd period - Wrist shot by Mathieu Olivier.
1:11 of 2nd period - Shot Misses the Net.
1:29 of 2nd period - Matthew Highmore is hit by Cristoval Nieves and loses puck.
1:38 of 2nd period - Riley Stillman is hit by Dennis Gilbert and loses puck.
1:49 of 2nd period - Snap shot by Isac Lundestrom.
1:49 of 2nd period - Goal by Isac Lundestrom - Phantoms : 0 - Marlies : 2.
1:50 of 2nd period - Lucas Wallmarkk wins face-off versus Aleksi Saarela in neutral zone.
1:53 of 2nd period - Slapshot by Rinat Valiev.
1:53 of 2nd period - Shot Misses the Net.
1:55 of 2nd period - Snap shot by Lucas Wallmarkk.
1:55 of 2nd period - Stopped by Logan Thompson without a rebound.
1:56 of 2nd period - Aleksi Saarela wins face-off versus Lucas Wallmarkk in Marlies zone.
2:08 of 2nd period - Snap shot by Morgan Klimchuk.
2:08 of 2nd period - Stopped by Logan Thompson with a rebound.
2:10 of 2nd period - Slapshot by Rinat Valiev.
2:10 of 2nd period - Deflect By Lucas Wallmarkk.
2:10 of 2nd period - Shot Misses the Net.
2:10 of 2nd period - Puck is out of play.
2:11 of 2nd period - Lias Andersson wins face-off versus Cristoval Nieves in Marlies zone.
2:11 of 2nd period - Lias Andersson is hit by Mikko Lehtonen.
2:24 of 2nd period - Minor Penalty to Mikko Lehtonen for Tripping.
2:25 of 2nd period - Aleksi Saarela wins face-off versus Lucas Wallmarkk in Phantoms zone.
2:25 of 2nd period - Snap shot by Joel Farabee.
2:25 of 2nd period - Shot Misses the Net.
2:27 of 2nd period - Backhand shot by Pierre-Olivier Joseph.
2:27 of 2nd period - Shot Misses the Net.
2:29 of 2nd period - Slapshot by Pierre-Olivier Joseph.
2:29 of 2nd period - Shot Blocked by Rinat Valiev.
2:31 of 2nd period - Slapshot by Lucas Carlsson.
2:31 of 2nd period - Stopped by Zachary Fucale without a rebound.
2:32 of 2nd period - Aleksi Saarela wins face-off versus Lucas Wallmarkk in Phantoms zone.
4:24 of 2nd period - Penalty to Mikko Lehtonen is over, Mikko Lehtonen is back on ice.
4:52 of 2nd period - Slapshot by Rasmus Dahlin.
4:52 of 2nd period - Shot Misses the Net.
4:54 of 2nd period - Slapshot by Otto Koivula.
4:54 of 2nd period - Shot Blocked by Rinat Valiev.
4:56 of 2nd period - Snap shot by Arthur Kaliyev.
4:56 of 2nd period - Shot Misses the Net.
4:58 of 2nd period - Wrist shot by Isac Lundestrom.
4:58 of 2nd period - Stopped by Zachary Fucale with a rebound.
5:00 of 2nd period - Wrist shot by Isac Lundestrom.
5:00 of 2nd period - Goal by Isac Lundestrom - Phantoms : 0 - Marlies : 3.
5:01 of 2nd period - Aleksi Saarela wins face-off versus Cristoval Nieves in neutral zone.
5:10 of 2nd period - Snap shot by Aleksi Saarela.
5:10 of 2nd period - Stopped by Zachary Fucale with a rebound.
5:12 of 2nd period - Slapshot by Pierre-Olivier Joseph.
5:12 of 2nd period - Shot Blocked by Riley Stillman.
5:14 of 2nd period - Wrist shot by Aleksi Saarela.
5:14 of 2nd period - Stopped by Zachary Fucale without a rebound.
5:15 of 2nd period - Mathieu Olivier wins face-off versus David Kampf in Phantoms zone.
5:23 of 2nd period - Pierre-Olivier Joseph is hit by Brett Murray and loses puck.
5:40 of 2nd period - Morgan Klimchuk is hit by Lias Andersson and loses puck.
5:41 of 2nd period - Morgan Klimchuk from Phantoms is injured at 5:41 of 2nd period (Bruised Left Arm).
5:42 of 2nd period - Lucas Wallmarkk wins face-off versus Aleksi Saarela in Phantoms zone.
6:09 of 2nd period - Cristoval Nieves is hit by Kole Sherwood and loses puck.
6:34 of 2nd period - Rinat Valiev is hit by Lucas Carlsson and loses puck.
6:43 of 2nd period - Off-side.
6:44 of 2nd period - Lucas Wallmarkk wins face-off versus Aleksi Saarela in neutral zone.
6:57 of 2nd period - Wrist shot by Joel Farabee.
6:57 of 2nd period - Shot Misses the Net.
7:32 of 2nd period - Ty Smith is hit by Lucas Carlsson and loses puck.
9:22 of 2nd period - Icing by Joel Farabee.
9:23 of 2nd period - Isac Lundestrom wins face-off versus Cristoval Nieves in Marlies zone.
9:53 of 2nd period - Off-side.
9:54 of 2nd period - Aleksi Saarela wins face-off versus Lucas Wallmarkk in neutral zone.
9:57 of 2nd period - Snap shot by Pierre-Olivier Joseph.
9:57 of 2nd period - Stopped by Zachary Fucale without a rebound.
9:58 of 2nd period - Lucas Wallmarkk wins face-off versus Aleksi Saarela in Phantoms zone.
10:09 of 2nd period - Snap shot by Joel Farabee.
10:09 of 2nd period - Shot Blocked by Lucas Wallmarkk.
10:37 of 2nd period - Rinat Valiev is hit by Pierre-Olivier Joseph and loses puck.
10:55 of 2nd period - Off-side.
10:56 of 2nd period - Lucas Wallmarkk wins face-off versus Aleksi Saarela in neutral zone.
11:23 of 2nd period - Alex Formenton is hit by Rem Pitlick and loses puck.
12:03 of 2nd period - Rasmus Dahlin is hit by Mikko Lehtonen and loses puck.
12:10 of 2nd period - Snap shot by Ty Smith.
12:10 of 2nd period - Stopped by Logan Thompson with a rebound.
13:11 of 2nd period - Wrist shot by Josiah Slavin.
13:11 of 2nd period - Shot Misses the Net.
13:33 of 2nd period - Slapshot by Ty Smith.
13:33 of 2nd period - Deflect By Rem Pitlick.
13:33 of 2nd period - Shot Misses the Net.
13:33 of 2nd period - Puck is out of play.
13:34 of 2nd period - Isac Lundestrom wins face-off versus A.J. Greer in Marlies zone.
13:41 of 2nd period - Isac Lundestrom is hit by A.J. Greer and loses puck.
13:56 of 2nd period - Snap shot by Laurent Dauphin.
13:56 of 2nd period - Shot Misses the Net.
14:04 of 2nd period - Slapshot by Isac Lundestrom.
14:04 of 2nd period - Shot Misses the Net.
14:08 of 2nd period - Wrist shot by Arthur Kaliyev.
14:08 of 2nd period - Deflect By Cam York.
14:08 of 2nd period - Stopped by Zachary Fucale with a rebound.
14:23 of 2nd period - Icing by Laurent Dauphin.
14:24 of 2nd period - Laurent Dauphin wins face-off versus Mathieu Olivier in Phantoms zone.
14:39 of 2nd period - Wrist shot by Mathieu Olivier.
14:39 of 2nd period - Shot Blocked by Cam York.
15:13 of 2nd period - Rem Pitlick is hit by Hugh McGing and loses puck.
15:55 of 2nd period - Minor Penalty to A.J. Greer for Hooking.
15:56 of 2nd period - Lucas Wallmarkk wins face-off versus Aleksi Saarela in Phantoms zone.
17:55 of 2nd period - Penalty to A.J. Greer is over, A.J. Greer is back on ice.
18:01 of 2nd period - Ty Smith is hit by Pierre-Olivier Joseph and loses puck.
19:24 of 2nd period - Matt Kiersted is hit by Keaton Thompson and loses puck.
19:29 of 2nd period - Snap shot by Joel Farabee.
19:29 of 2nd period - Stopped by Zachary Fucale without a rebound.
19:30 of 2nd period - Lucas Wallmarkk wins face-off versus Aleksi Saarela in Phantoms zone.
19:50 of 2nd period - Laurent Dauphin is hit by Hugh McGing and loses puck.
Goals for this period are 0 for Phantoms vs 2 for Marlies.
Shots for this period are 3 for Phantoms vs 9 for Marlies.
3rd period
0:01 of 3rd period - Aleksi Saarela wins face-off versus Lucas Wallmarkk in neutral zone.
0:27 of 3rd period - Off-side.
0:28 of 3rd period - Lias Andersson wins face-off versus Cristoval Nieves in neutral zone.
0:41 of 3rd period - Slapshot by Martin Necas.
0:41 of 3rd period - Goal by Martin Necas - Phantoms : 0 - Marlies : 4.
0:41 of 3rd period - Kevin Lankinen enters game.
0:42 of 3rd period - Aleksi Saarela wins face-off versus Lucas Wallmarkk in neutral zone.
1:01 of 3rd period - Pierre-Olivier Joseph is hit by Sven Andrighetto and loses puck.
1:19 of 3rd period - Minor Penalty to Nick Sorensen for Interference.
1:20 of 3rd period - Lucas Wallmarkk wins face-off versus Aleksi Saarela in Phantoms zone.
2:07 of 3rd period - Lucas Carlsson is hit by Riley Stillman and loses puck.
2:32 of 3rd period - Mikko Lehtonen is hit by Mathieu Olivier and loses puck.
3:19 of 3rd period - Penalty to Nick Sorensen is over, Nick Sorensen is back on ice.
4:14 of 3rd period - Slapshot by Kole Sherwood.
4:14 of 3rd period - Stopped by Kevin Lankinen with a rebound.
5:07 of 3rd period - Joel Farabee is hit by A.J. Greer.
5:39 of 3rd period - Matt Kiersted is hit by Otto Koivula and loses puck.
5:52 of 3rd period - Matt Kiersted is hit by Mathieu Olivier and loses puck.
6:14 of 3rd period - Otto Koivula is hit by Nick Sorensen and loses puck.
6:31 of 3rd period - Wrist shot by Martin Necas.
6:31 of 3rd period - Deflect By Alex Formenton.
6:31 of 3rd period - Shot Misses the Net.
6:31 of 3rd period - Puck is out of play.
6:32 of 3rd period - Lucas Wallmarkk wins face-off versus Lias Andersson in Phantoms zone.
6:37 of 3rd period - Snap shot by Lucas Wallmarkk.
6:37 of 3rd period - Shot Misses the Net.
6:43 of 3rd period - Lias Andersson is hit by A.J. Greer and loses puck.
6:58 of 3rd period - Laurent Dauphin is hit by Keaton Thompson and loses puck.
7:13 of 3rd period - A.J. Greer is hit by Aleksi Saarela.
7:53 of 3rd period - Slapshot by Lucas Wallmarkk.
7:53 of 3rd period - Shot Blocked by Dennis Gilbert.
8:07 of 3rd period - Snap shot by Josiah Slavin.
8:07 of 3rd period - Shot Misses the Net.
8:24 of 3rd period - Minor Penalty to Laurent Dauphin for Slashing.
8:25 of 3rd period - Lucas Wallmarkk wins face-off versus Aleksi Saarela in Phantoms zone.
8:36 of 3rd period - Wrist shot by Lucas Carlsson.
8:36 of 3rd period - Shot Misses the Net.
8:52 of 3rd period - Riley Stillman is hit by Alex Formenton and loses puck.
8:57 of 3rd period - Slapshot by Rasmus Dahlin.
8:57 of 3rd period - Deflect By A.J. Greer.
8:57 of 3rd period - Stopped by Kevin Lankinen with a rebound.
9:46 of 3rd period - Mikko Lehtonen is hit by Alex Formenton.
10:08 of 3rd period - Aleksi Saarela is hit by Mikko Lehtonen and loses puck.
10:24 of 3rd period - Penalty to Laurent Dauphin is over, Laurent Dauphin is back on ice.
10:41 of 3rd period - Slapshot by Dennis Gilbert.
10:41 of 3rd period - Shot Misses the Net.
10:43 of 3rd period - Slapshot by Dennis Gilbert.
10:43 of 3rd period - Stopped by Kevin Lankinen with a rebound.
10:45 of 3rd period - Slapshot by Jacob Bernard-Docker.
10:45 of 3rd period - Stopped by Kevin Lankinen with a rebound.
10:47 of 3rd period - Wrist shot by Otto Koivula.
10:47 of 3rd period - Shot Blocked by Ty Smith.
10:53 of 3rd period - Cam York is hit by Isac Lundestrom and loses puck.
10:57 of 3rd period - Icing by Laurent Dauphin.
10:58 of 3rd period - Hugh McGing wins face-off versus Laurent Dauphin in Phantoms zone.
11:22 of 3rd period - Snap shot by Laurent Dauphin.
11:22 of 3rd period - Stopped by Logan Thompson without a rebound.
11:23 of 3rd period - Lias Andersson wins face-off versus Lucas Wallmarkk in Marlies zone.
11:32 of 3rd period - Wrist shot by Martin Necas.
11:32 of 3rd period - Stopped by Kevin Lankinen without a rebound.
11:33 of 3rd period - A.J. Greer wins face-off versus Aleksi Saarela in Phantoms zone.
11:40 of 3rd period - Wrist shot by Aleksi Saarela.
11:40 of 3rd period - Stopped by Kevin Lankinen with a rebound.
11:42 of 3rd period - Slapshot by Pierre-Olivier Joseph.
11:42 of 3rd period - Stopped by Kevin Lankinen with a rebound.
11:44 of 3rd period - Slapshot by Joel Farabee.
11:44 of 3rd period - Shot Misses the Net.
11:46 of 3rd period - Slapshot by Lucas Carlsson.
11:46 of 3rd period - Stopped by Kevin Lankinen with a rebound.
11:48 of 3rd period - Snap shot by Pierre-Olivier Joseph.
11:48 of 3rd period - Deflect By Joel Farabee.
11:48 of 3rd period - Stopped by Kevin Lankinen without a rebound.
11:49 of 3rd period - Lias Andersson wins face-off versus Rem Pitlick in Phantoms zone.
12:14 of 3rd period - Rinat Valiev is hit by Aleksi Saarela and loses puck.
12:19 of 3rd period - Backhand shot by Joel Farabee.
12:19 of 3rd period - Shot Blocked by Rinat Valiev.
12:21 of 3rd period - Wrist shot by Mathieu Olivier.
12:21 of 3rd period - Stopped by Kevin Lankinen without a rebound.
12:22 of 3rd period - Lucas Wallmarkk wins face-off versus Aleksi Saarela in Phantoms zone.
12:53 of 3rd period - Pierre-Olivier Joseph is hit by Nick Sorensen and loses puck.
13:56 of 3rd period - Snap shot by Joel Farabee.
13:56 of 3rd period - Shot Misses the Net.
13:58 of 3rd period - Double Minor Penalty to A.J. Greer for Roughing.
13:59 of 3rd period - Aleksi Saarela wins face-off versus Lucas Wallmarkk in Phantoms zone.
14:08 of 3rd period - Snap shot by Brett Murray.
14:08 of 3rd period - Stopped by Logan Thompson without a rebound.
14:09 of 3rd period - Lucas Wallmarkk wins face-off versus Aleksi Saarela in Marlies zone.
14:40 of 3rd period - Slapshot by Joel Farabee.
14:40 of 3rd period - Stopped by Kevin Lankinen without a rebound.
14:41 of 3rd period - Lias Andersson wins face-off versus Cristoval Nieves in Phantoms zone.
14:54 of 3rd period - Snap shot by Martin Necas.
14:54 of 3rd period - Stopped by Kevin Lankinen with a rebound.
17:44 of 3rd period - Laurent Dauphin is hit by Joel Farabee and loses puck.
17:58 of 3rd period - Penalty to A.J. Greer is over, A.J. Greer is back on ice.
18:07 of 3rd period - Slapshot by Rasmus Dahlin.
18:07 of 3rd period - Stopped by Kevin Lankinen without a rebound.
18:08 of 3rd period - Lucas Wallmarkk wins face-off versus Isac Lundestrom in Phantoms zone.
18:17 of 3rd period - Off-side.
18:18 of 3rd period - Lias Andersson wins face-off versus Lucas Wallmarkk in neutral zone.
18:23 of 3rd period - Slapshot by Dennis Gilbert.
18:23 of 3rd period - Stopped by Kevin Lankinen with a rebound.
19:31 of 3rd period - Wrist shot by Martin Necas.
19:31 of 3rd period - Goal by Martin Necas - Phantoms : 0 - Marlies : 5.
19:32 of 3rd period - Aleksi Saarela wins face-off versus Lucas Wallmarkk in neutral zone.
19:35 of 3rd period - Mikko Lehtonen is hit by Pierre-Olivier Joseph and loses puck.
19:44 of 3rd period - Rinat Valiev is hit by Joel Farabee and loses puck.
Goals for this period are 0 for Phantoms vs 2 for Marlies.
Shots for this period are 2 for Phantoms vs 16 for Marlies.
Output by the SimonT Hockey Simulator (STHS) for Francois Prevost